 Dungeon Crawl Stone Soup version 0.29.1-1-gd02db6906a (webtiles) character file.

Game seed: 1458053345925735100

27 Huetiris the Trooper (level 2, -2/27 HPs)
             Began as a Minotaur Fighter on Oct 21, 2022.
             Slain by a gnoll
             ... wielding a +0 whip
              (5 damage)
             ... on level 2 of the Dungeon.
             The game lasted 00:07:04 (683 turns).

Huetiris the Trooper (Minotaur Fighter)              Turns: 683, Time: 00:07:05

Health: -2/27      AC:  7    Str: 20    XL:     2   Next: 93%
Magic:  1/1        EV:  9    Int:  5    God:
Gold:   95         SH:  4    Dex:  9    Spells: 1/1 levels left

rFire   . . .      SeeInvis .   a - +0 war axe
rCold   . . .      Faith    .   c - +0 buckler
rNeg    . . .      Spirit   .   b - +0 scale mail
rPois   .          Reflect  .   (helmet restricted)
rElec   .          Harm     .   (no cloak)
rCorr   .          Rampage  .   (no gloves)
Will    .....                   (no boots)
Stlth   ..........              (no amulet)
HPRegen 0.09/turn               (no ring)
MPRegen 0.07/turn               (no ring)

@: no status effects
A: horns 2, retaliatory headbutt
a: no special abilities


You were on level 2 of the Dungeon.
You visited 1 branch of the dungeon, and saw 2 of its levels.

You collected 95 gold pieces.

Inventory:

Hand Weapons
 a - a +0 war axe (weapon)
 e - a +0 mace
Missiles
 i - 6 poisoned darts (quivered)
Armour
 b - a +0 scale mail (worn)
 c - a +0 buckler (worn)
Jewellery
 l - an amulet of magic regeneration
Scrolls
 f - a scroll of identify {unknown}
 g - a scroll of fear {unknown}
 h - a scroll of silence {unknown}
 k - a scroll of fog {unknown}
Potions
 d - 2 potions of might
 j - a potion of degeneration {unknown}
 m - a potion of haste {unknown}


   Skills:
 + Level 4.0 Fighting
 + Level 3.0 Axes
 + Level 3.9 Armour
 + Level 0.1 Stealth
 + Level 4.0 Shields


You had one spell level left.
You didn't know any spells.
Your spell library was empty.

Dungeon Overview and Level Annotations

Branches:
Dungeon (2/15)

Altars:


Innate Abilities, Weirdness & Mutations

You have a pair of horns on your head.
You reflexively headbutt those who attack you in melee.


Message History

The frilled lizard hisses angrily.
You hear a shout!
A bat comes into view.
The bat moves out of view.
A gnoll comes into view. It is wielding a +0 whip.
The gnoll shouts!
A gnoll comes into view. It is wielding a +0 spear.
A rat comes into view.
You block the gnoll's attack.
You hit the gnoll.
The gnoll is lightly wounded.
The bat barely misses you. The gnoll barely misses you.
You hit the gnoll but do no damage.
The gnoll is lightly wounded.
You closely miss the frilled lizard. The bat closely misses you.
The gnoll hits you but does no damage. You block the frilled lizard's attack.
The gnoll hits you with a +0 club. The frilled lizard closely misses you.
You furiously retaliate!
You headbutt the frilled lizard!
You kill the frilled lizard!
You hit the gnoll.
You headbutt the gnoll, but do no damage.
The gnoll is moderately wounded.
You hit the gnoll. The bat hits you but does no damage.
The gnoll closely misses you. You furiously retaliate!
You headbutt the gnoll. The gnoll hits you with a +0 club.
The gnoll attacks as you move away! The gnoll hits you with a +0 whip.
The bat hits you but does no damage. The gnoll hits you but does no damage.
You hit the gnoll.
The gnoll is heavily wounded.
You hit the gnoll. The bat hits you but does no damage. x2
The gnoll hits you but does no damage. The gnoll hits you with a +0 club.
The gnoll hits you with a +0 whip.
You slash the bat!
You kill the bat!
You closely miss the gnoll. You hit the gnoll. You block the gnoll's attack.
The gnoll hits you from afar with a +0 spear.
* * * LOW HITPOINT WARNING * * *
The gnoll hits you with a +0 whip.
* * * LOW HITPOINT WARNING * * *
The gnoll hits you with a +0 whip.
You die...

... .... ....#
.....#### ..
........#####...
......gr........
...)...g@.......
...#..g†.....##
#.........#
#######...?.....#
#........########
#........#
#........# #
#........#
###.###........#


You could see 3 gnolls and a rat.

Vanquished Creatures
  A bat (D:2)
  3 endoplasms
  3 goblins (D:1)
  4 hobgoblins (D:1)
  4 jackals
  A quokka (D:1)
  2 ball pythons (D:1)
  4 frilled lizards
  A kobold (D:2)
  A rat (D:1)
24 creatures vanquished.

Notes
Turn   | Place    | Note
-------+----------+-------------------------------------------
     0 | D:1      | Huetiris the Minotaur Fighter began the quest for the Orb.
     0 | D:1      | Reached XP level 1. HP: 19/19 MP: 0/0
    59 | D:1      | Reached XP level 2. HP: 22/27 MP: 1/1
   683 | D:2      | Slain by a gnoll

Illustrated notes

Levels and vault maps discovered:
D:1:      lightli_arrival_chessboard, layout_rooms
D:2:      layout_basic, nicolae_ecumenical_snake_handling, uniq_jessica,
          uniq_robin

Skill      XL: |  1  2 |
---------------+-------+-----
Fighting       | 4 |  4.0
Axes           | 3 |  3.0
Shields        | 4 |  4.0
Armour         | |  3.9
Stealth        | |  0.1

Action                   || total
-------------------------++-------
Melee: War axe           ||    40
       Headbutt          ||     9
Armor: Scale mail        ||    21
Dodge: Dodged            ||    17
Block: Buckler           ||     9
